[Event "3rd FIDE WCCC Rapid G12 2019"]
[Site "Minsk"]
[Date "2019.08.16"]
[Round "1.1"]
[White "Babic, Milana"]
[Black "Darmaeva, Nomina"]
[Result "1-0"]
[ECO "A06"]
[WhiteElo "1689"]
[BlackElo "1389"]
[Annotator "NA"]
[PlyCount "95"]
[EventDate "2019.08.16"]
[EventType "swiss"]
[EventCountry "BLR"]
[SourceTitle "playchess.com"]
[Source "ChessBase"]
[SourceQuality "1"]
[TimeControl "600+5"]

1. Nf3 d5 2. g3 Bg4 3. Bg2 Nd7 4. d3 Ngf6 5. Nbd2 e5 6. O-O Be7 7. b3 O-O 8. h3 Bh5 9. Bb2 Bd6 10. Re1 c6 11. c4 Rc8 12. Qc2 h6 13. a3 a5 14. Rac1 Rc7 15. Bc3 Bxa3 16. Ra1 Bb4 17. Bxe5 Nxe5 18. Nxe5 Re7 19. Nef3 Bg6 20. Qb2 c5 21. Ne5 Bh7 22. cxd5 Bxd2 23. Qxd2 Rxe5 24. e4 b6 25. f4 Re7 26. Kh2 Rfe8 27. Red1 Rd7 28. Qc3 Qe7 29. d6 Qxd6 30. e5 Qc7 31. exf6 Re3 32. fxg7 Rexd3 33. Rxd3 Rxd3 34. Qb2 Qd6 35. Re1 Qd4 36. Qe2 Kxg7 37. Qg4+ Kf6 38. Qh4+ Kg7 39. Qg4+ Bg6 40. h4 h5 41. Qh3 Qf2 42. Rf1 Qe2 43. f5 Bh7 44. f6+ Kh6 45. Rf4 Bg6 46. Qc8 Rd8 47. Qxd8 Kh7 48. Qf8 1-0

[Event "3rd FIDE WCCC Rapid G12 2019"]
[Site "Minsk"]
[Date "2019.08.16"]
[Round "1.2"]
[White "Vu, My Linh"]
[Black "Babic, Masa"]
[Result "1-0"]
[ECO "A53"]
[WhiteElo "1467"]
[BlackElo "1719"]
[Annotator "NA"]
[PlyCount "140"]
[EventDate "2019.08.16"]
[EventType "swiss"]
[EventCountry "BLR"]
[SourceTitle "playchess.com"]
[Source "ChessBase"]
[SourceQuality "1"]
[TimeControl "600+5"]

1. d4 Nf6 2. c4 d6 3. Nc3 Nbd7 4. e4 e5 5. d5 Nc5 6. Bd3 a5 7. Be3 Na6 8. h3 Be7 9. Nf3 O-O 10. O-O c6 11. c5 cxd5 12. exd5 Nb4 13. a3 Nxd3 14. Qxd3 g6 15. Rfd1 Bf5 16. Qd2 Ne4 17. Nxe4 Bxe4 18. Ng5 Bxg5 19. Bxg5 f6 20. Be3 Rc8 21. f3 Bf5 22. Rac1 Bd7 23. cxd6 Ba4 24. Rxc8 Qxc8 25. Rc1 Qd8 26. Bc5 b6 27. Be3 Qxd6 28. Qf2 Rb8 29. Qd2 Bb3 30. Rc6 Qxd5 31. Qxd5+ Bxd5 32. Rxf6 b5 33. Ra6 a4 34. Rd6 Bc4 35. Bc5 Rc8 36. Bb4 Bb3 37. Bc3 Bc4 38. Bxe5 Re8 39. f4 g5 40. g3 Be6 41. Kh2 gxf4 42. gxf4 Kf7 43. Rb6 Bc4 44. Rh6 Bd3 45. Rd6 Bc4 46. Rd7+ Re7 47. Rxe7+ Kxe7 48. f5 Bd3 49. f6+ Ke6 50. Bc3 h5 51. Kg3 Bf5 52. Kh4 Kf7 53. Kg3 Ke6 54. Kh4 Kf7 55. Kxh5 Bxh3 56. Kg5 Be6 57. Kf4 Bc4 58. Ke5 Be6 59. Kd6 Bc4 60. Kc6 Bd3 61. Kc5 Bc4 62. Kb4 Ke6 63. Ka5 Kf7 64. Kb6 Ke6 65. Kc5 Kf7 66. Kd6 Be6 67. Be5 Bc4 68. Kd7 Be6+ 69. Kd8 Bc4 70. Kd7 Be6+ 1-0

[Event "3rd FIDE WCCC Rapid G12 2019"]
[Site "Minsk"]
[Date "2019.08.16"]
[Round "1.3"]
[White "Kirdyashkina, Ekaterina"]
[Black "Olesk, Kamilla"]
[Result "1-0"]
[ECO "C01"]
[WhiteElo "1691"]
[BlackElo "1267"]
[Annotator "NA"]
[PlyCount "77"]
[EventDate "2019.08.16"]
[EventType "swiss"]
[EventCountry "BLR"]
[SourceTitle "playchess.com"]
[Source "ChessBase"]
[SourceQuality "1"]
[TimeControl "600+5"]

1. e4 e6 2. d4 d5 3. exd5 exd5 4. c4 dxc4 5. Bxc4 Nf6 6. Nf3 Bd6 7. O-O O-O 8. Nc3 Bg4 9. h3 Bh5 10. Bg5 Nc6 11. Be2 Bxf3 12. Bxf3 Nxd4 13. Bxb7 Rb8 14. Bd5 c5 15. b3 h6 16. Bxf6 Qxf6 17. Ne4 Qe5 18. Nxd6 Qxd6 19. Bc4 Rbd8 20. Qg4 Rfe8 21. Rad1 Qf6 22. Kh1 Re7 23. Qg3 Rde8 24. Qc3 Qg6 25. b4 Ne2 26. Bxe2 Rxe2 27. bxc5 Rxa2 28. Rc1 Ree2 29. Qf3 Qe6 30. c6 Rec2 31. c7 Qc8 32. Qb3 Rxc1 33. Rxc1 Rxf2 34. Qb8 Qxb8 35. cxb8=Q+ Kh7 36. Qb1+ g6 37. Rc7 Kg7 38. Qa1+ Kf8 39. Qh8# 1-0

[Event "3rd FIDE WCCC Rapid G12 2019"]
[Site "Minsk"]
[Date "2019.08.16"]
[Round "1.4"]
[White "Shikhalieva, Ariana"]
[Black "Ivanytska, Liudmyla"]
[Result "0-1"]
[ECO "D00"]
[WhiteElo "1381"]
[BlackElo "1539"]
[Annotator "NA"]
[PlyCount "140"]
[EventDate "2019.08.16"]
[EventType "swiss"]
[EventCountry "BLR"]
[SourceTitle "playchess.com"]
[Source "ChessBase"]
[SourceQuality "1"]
[TimeControl "600+5"]

1. d4 d5 2. Bf4 Nf6 3. e3 e6 4. Nf3 Bd6 5. Bg3 O-O 6. Bd3 b6 7. Nbd2 Bb7 8. O-O c5 9. c3 Qc7 10. Qc2 h6 11. a3 Nbd7 12. Rae1 Bxg3 13. hxg3 Rac8 14. Qb1 c4 15. Bc2 e5 16. e4 exd4 17. Nxd4 dxe4 18. Bxe4 Nc5 19. Bxb7 Qxb7 20. Nxc4 Nce4 21. Qa2 b5 22. Na5 Qb6 23. Nab3 a5 24. Re2 b4 25. cxb4 a4 26. Nc5 Nxc5 27. bxc5 Qxc5 28. Nf3 Rfe8 29. Rxe8+ Rxe8 30. Qb1 Rb8 31. Rc1 Qb6 32. Rc2 Ne4 33. Qc1 Rd8 34. g4 Qe6 35. Rc4 Qxg4 36. Qc2 f5 37. Rxa4 Qh5 38. Qb3+ Kh8 39. Rd4 Rc8 40. Qd1 Qe8 41. b4 Kh7 42. Nh4 Qe6 43. Nf3 Qa2 44. a4 Qxf2+ 45. Kh1 Rc2 46. Qg1 Ng3+ 47. Kh2 Qxf3 48. Rh4 Nf1+ 49. Kh1 Ng3+ 50. Kh2 Qc3 51. Rh3 Rc1 52. Rxg3 Qxg3+ 53. Kxg3 Rxg1 54. Kf4 Ra1 55. a5 Ra4 56. Kxf5 Rxb4 57. g4 Rb5+ 58. Kf4 Rxa5 59. Ke4 Kg6 60. Kf4 Kf6 61. g5+ hxg5+ 62. Kg4 Ra4+ 63. Kg3 g4 64. Kg2 Ra3 65. Kf2 g3+ 66. Kg2 g5 67. Kh3 Kf5 68. Kg2 Kg4 69. Kg1 Kf3 70. Kf1 Ra1# 0-1

[Event "3rd FIDE WCCC Rapid G12 2019"]
[Site "Minsk"]
[Date "2019.08.16"]
[Round "1.5"]
[White "Lomakina, Anzhelika"]
[Black "Prochaieva, Nina"]
[Result "1-0"]
[ECO "B01"]
[WhiteElo "1732"]
[BlackElo "1033"]
[Annotator "NA"]
[PlyCount "111"]
[EventDate "2019.08.16"]
[EventType "swiss"]
[EventCountry "BLR"]
[SourceTitle "playchess.com"]
[Source "ChessBase"]
[SourceQuality "1"]
[TimeControl "600+5"]

1. e4 d5 2. exd5 Qxd5 3. Nc3 Qd6 4. d4 Nf6 5. Nf3 a6 6. Bc4 b5 7. Bb3 e6 8. Ne5 Bb7 9. O-O Be7 10. Bf4 Qd8 11. Be3 Nc6 12. a4 b4 13. Ne2 Nxe5 14. dxe5 Qxd1 15. Raxd1 Nd5 16. Bxd5 Bxd5 17. Nf4 Bb7 18. Nd3 a5 19. Bc5 Bxc5 20. Nxc5 Bc6 21. Rd4 O-O 22. Rfd1 f6 23. Nxe6 Rfc8 24. exf6 gxf6 25. f4 f5 26. Rc4 Ra6 27. Nd4 Bb7 28. Nxf5 Kf7 29. Rd7+ Kf6 30. g4 c5 31. Rxb7 Rd8 32. Rxc5 Rd1+ 33. Kf2 Rd2+ 34. Ke3 Rxh2 35. Rbc7 Rh3+ 36. Kf2 Re6 37. R7c6 Rh2+ 38. Kg3 Rhe2 39. Rxe6+ Rxe6 40. Rxa5 Re2 41. Ra6+ Kf7 42. Rc6 Rd2 43. a5 Rd1 44. a6 Rg1+ 45. Kf2 Ra1 46. Rc7+ Ke6 47. a7 Kd5 48. Rxh7 Ke4 49. Nd6+ Kxf4 50. Nb5 Kxg4 51. Rh8 Rc1 52. a8=Q Rxc2+ 53. Ke1 Rxb2 54. Qe4+ Kg3 55. Rg8+ Kh3 56. Qh7# 1-0

[Event "3rd FIDE WCCC Rapid G12 2019"]
[Site "Minsk"]
[Date "2019.08.16"]
[Round "1.6"]
[White "Jansone, Melanija Luize"]
[Black "Basova, Yuliya"]
[Result "0-1"]
[ECO "B32"]
[WhiteElo "1193"]
[BlackElo "1699"]
[Annotator "NA"]
[PlyCount "86"]
[EventDate "2019.08.16"]
[EventType "swiss"]
[EventCountry "BLR"]
[SourceTitle "playchess.com"]
[Source "ChessBase"]
[SourceQuality "1"]
[TimeControl "600+5"]

1. e4 c5 2. Nf3 Nc6 3. d4 cxd4 4. Nxd4 g6 5. Be3 Bg7 6. Nc3 Nf6 7. Be2 O-O 8. O-O d5 9. exd5 Nb4 10. f3 Nbxd5 11. Nxd5 Nxd5 12. Bf2 Nf4 13. Bc4 b6 14. c3 Bb7 15. Qc2 Rc8 16. Bb3 Ba6 17. Rfe1 e5 18. Ne2 Nxe2+ 19. Rxe2 Bxe2 20. Qxe2 Qe7 21. Bg3 Rfd8 22. Re1 Kf8 23. h3 Qg5 24. Bxe5 Rd2 25. Bd6+ Rxd6 26. Qa6 Qc5+ 27. Kh1 b5 28. Qb7 Rf6 29. Qe4 Kg8 30. Qe2 a5 31. a3 a4 32. Ba2 Bh6 33. Rd1 Kg7 34. Re1 Rd8 35. Rd1 Rxd1+ 36. Qxd1 Rd6 37. Qe2 Qe3 38. Qc2 Qe1+ 39. Kh2 Bf4+ 40. g3 Rd2+ 41. Qxd2 Qxd2+ 42. Kg1 Bxg3 43. Kf1 Qf2# 0-1

[Event "3rd FIDE WCCC Rapid G12 2019"]
[Site "Minsk"]
[Date "2019.08.16"]
[Round "2.1"]
[White "Szczotka, Klara"]
[Black "Babic, Milana"]
[Result "1-0"]
[ECO "B15"]
[WhiteElo "1732"]
[BlackElo "1689"]
[Annotator "NA"]
[PlyCount "84"]
[EventDate "2019.08.16"]
[EventType "swiss"]
[EventCountry "BLR"]
[SourceTitle "playchess.com"]
[Source "ChessBase"]
[SourceQuality "1"]
[TimeControl "600+5"]

1. e4 c6 2. d4 d5 3. Nc3 g6 4. Nf3 Bg7 5. e5 Bg4 6. h3 Bxf3 7. Qxf3 e6 8. Bd3 Nd7 9. Be3 Ne7 10. Ne2 O-O 11. c3 c5 12. h4 Bxe5 13. dxc5 Bg7 14. h5 Ne5 15. Qh3 Nxd3+ 16. Kd2 Nxb2 17. hxg6 Nc4+ 18. Kc1 fxg6 19. Qxe6+ Rf7 20. Bd4 Qc8 21. Qxc8+ Rxc8 22. Bxg7 Rxg7 23. Nd4 Nf5 24. Ne6 Re7 25. Nf4 Rxc5 26. Rd1 Nb6 27. Kd2 d4 28. cxd4 Nxd4 29. Kd3 Nc6 30. Rh1 Nb4+ 31. Kd2 Rc2+ 32. Kd1 Rxf2 33. g3 Nc4 34. a3 Rd2+ 35. Kc1 Nd3+ 36. Nxd3 Rxd3 37. Kc2 Rxg3 38. Rh4 Nxa3+ 39. Kd2 a6 40. Ra4 Nb5 41. Rc1 Rd7+ 42. Ke2 Nc3+ 1-0

[Event "3rd FIDE WCCC Rapid G12 2019"]
[Site "Minsk"]
[Date "2019.08.16"]
[Round "2.2"]
[White "Misiuk, Monika"]
[Black "Kirdyashkina, Ekaterina"]
[Result "0-1"]
[ECO "D35"]
[WhiteElo "1339"]
[BlackElo "1691"]
[Annotator "NA"]
[PlyCount "74"]
[EventDate "2019.08.16"]
[EventType "swiss"]
[EventCountry "BLR"]
[SourceTitle "playchess.com"]
[Source "ChessBase"]
[SourceQuality "1"]
[TimeControl "600+5"]

1. d4 d5 2. c4 e6 3. Nc3 Nf6 4. cxd5 exd5 5. Bg5 Be7 6. e3 h6 7. Bh4 O-O 8. Bd3 Nbd7 9. Qc2 b6 10. Nf3 Bb7 11. O-O c5 12. a3 c4 13. Be2 Rc8 14. b3 Ba6 15. Rfc1 cxb3 16. Qxb3 Rxc3 17. Rxc3 Bxe2 18. Bxf6 Nxf6 19. Ne5 Ne4 20. Nc6 Qd6 21. Nxe7+ Qxe7 22. Rc2 Bc4 23. Qa4 a5 24. f3 Nd6 25. Rc3 Qc7 26. Rac1 b5 27. Qc2 b4 28. axb4 axb4 29. Rb3 Qa5 30. Rb2 b3 31. Qd1 Nb5 32. Ra1 Qc3 33. Qd2 Qxd2 34. Rxd2 Nc3 35. e4 dxe4 36. Rc1 e3 37. Rb2 Ne2+ 0-1

[Event "3rd FIDE WCCC Rapid G12 2019"]
[Site "Minsk"]
[Date "2019.08.16"]
[Round "2.3"]
[White "Ivanytska, Liudmyla"]
[Black "Kaldarova, Ayaulym"]
[Result "1-0"]
[ECO "C01"]
[WhiteElo "1539"]
[BlackElo "1549"]
[Annotator "NA"]
[PlyCount "173"]
[EventDate "2019.08.16"]
[EventType "swiss"]
[EventCountry "BLR"]
[SourceTitle "playchess.com"]
[Source "ChessBase"]
[SourceQuality "1"]
[TimeControl "600+5"]

1. e4 e6 2. d4 d5 3. exd5 exd5 4. Bd3 Nf6 5. c3 c5 6. dxc5 Bxc5 7. Nf3 O-O 8. O-O Bg4 9. h3 Bh5 10. Bf4 Nc6 11. Nbd2 Qd7 12. Qc2 Bg6 13. Bxg6 fxg6 14. Nb3 Bb6 15. Rad1 Rad8 16. Nbd4 Ne4 17. Be3 Qf7 18. Nxc6 bxc6 19. Bxb6 axb6 20. c4 Nf6 21. Qb3 dxc4 22. Qxb6 Rb8 23. Qxc6 Rxb2 24. Ne5 Qa7 25. Qxc4+ Kh8 26. Rd8 Rxd8 27. Nf7+ Kg8 28. Nxd8+ Kh8 29. Nf7+ Kg8 30. Ng5+ Kh8 31. Qc8+ Ng8 32. Qf8 h6 33. Nf7+ Kh7 34. Ne5 Nf6 35. Qd6 Rb6 36. Qd3 Nh5 37. Nd7 Nf4 38. Qe3 Qxd7 39. Qxb6 Qd3 40. Qe3 Qd6 41. a4 g5 42. Re1 Ng6 43. a5 Qc6 44. Qe4 Qa6 45. Rd1 Qxa5 46. Rd6 Qa1+ 47. Kh2 Qe5+ 48. Qxe5 Nxe5 49. Kg3 h5 50. Rd5 Nf7 51. h4 gxh4+ 52. Kxh4 g6 53. f4 Kh6 54. g4 hxg4 55. Kxg4 Kg7 56. Ra5 Nh6+ 57. Kg5 Nf7+ 58. Kh4 Kf6 59. Ra7 Kg7 60. Kg4 Kf6 61. Ra6+ Kg7 62. Kf3 Nh6 63. Ke4 Nf7 64. Rb6 Nh6 65. Ke5 Nf5 66. Rb7+ Kh6 67. Rb1 Kg7 68. Rb7+ Kh6 69. Kf6 Kh5 70. Rb2 Ng3 71. Rb4 Nf5 72. Rb3 Kg4 73. Rb4 Kh5 74. Rb1 Ng3 75. Rg1 Kg4 76. Ke5 Kf3 77. Ra1 Nf5 78. Rf1+ Kg4 79. Rg1+ Kh5 80. Rg5+ Kh6 81. Rxf5 gxf5 82. Kxf5 Kg7 83. Ke6 Kf8 84. f5 Ke8 85. f6 Kf8 86. f7 Kg7 87. Ke7 1-0

[Event "3rd FIDE WCCC Rapid G12 2019"]
[Site "Minsk"]
[Date "2019.08.16"]
[Round "2.4"]
[White "Marchenko, Yelyzaveta"]
[Black "Lomakina, Anzhelika"]
[Result "0-1"]
[ECO "C50"]
[WhiteElo "1466"]
[BlackElo "1732"]
[Annotator "NA"]
[PlyCount "58"]
[EventDate "2019.08.16"]
[EventType "swiss"]
[EventCountry "BLR"]
[SourceTitle "playchess.com"]
[Source "ChessBase"]
[SourceQuality "1"]
[TimeControl "600+5"]

1. e4 e5 2. Nf3 Nc6 3. Bc4 Bc5 4. d3 d6 5. c3 h6 6. a4 a5 7. O-O Nf6 8. Nbd2 O-O 9. Re1 Re8 10. Nf1 Bb6 11. Be3 d5 12. exd5 Nxd5 13. Bxb6 Nxb6 14. Bb5 Qd6 15. Ng3 Bd7 16. Ne4 Qg6 17. Nc5 Bh3 18. g3 Rab8 19. Nxb7 Rxb7 20. Bxc6 Qxc6 21. Qe2 Bg4 22. Qe4 Bxf3 23. Qxc6 Bxc6 24. Re3 Rbb8 25. Rae1 Nxa4 26. Rxe5 Rxe5 27. Rxe5 Rxb2 28. h4 Rb1+ 29. Kh2 Rh1# 0-1

[Event "3rd FIDE WCCC Rapid G12 2019"]
[Site "Minsk"]
[Date "2019.08.16"]
[Round "2.5"]
[White "Basova, Yuliya"]
[Black "Korovina, Yana"]
[Result "0-1"]
[ECO "C42"]
[WhiteElo "1699"]
[BlackElo "1602"]
[Annotator "NA"]
[PlyCount "58"]
[EventDate "2019.08.16"]
[EventType "swiss"]
[EventCountry "BLR"]
[SourceTitle "playchess.com"]
[Source "ChessBase"]
[SourceQuality "1"]
[TimeControl "600+5"]

1. e4 e5 2. Nf3 Nf6 3. Nxe5 d6 4. Nf3 Nxe4 5. Nc3 Nxc3 6. dxc3 Be7 7. Be3 Nc6 8. Qd2 O-O 9. O-O-O Be6 10. Kb1 Ne5 11. Nd4 Bc4 12. Qc1 Bxf1 13. Rhxf1 Qd7 14. f3 Nc4 15. Bf2 h6 16. h4 Bf6 17. g4 Rae8 18. g5 hxg5 19. hxg5 Bxd4 20. Bxd4 Qf5 21. Rh1 c5 22. Bf2 Re2 23. Bg1 Rfe8 24. Rh2 b5 25. Rxe2 Rxe2 26. b3 Na3+ 27. Ka1 Nxc2+ 28. Kb2 Nb4+ 29. Ka1 Rxa2# 0-1

[Event "3rd FIDE WCCC Rapid G12 2019"]
[Site "Minsk"]
[Date "2019.08.16"]
[Round "2.6"]
[White "Putinceva, Marina"]
[Black "Vlasova, Olesia"]
[Result "0-1"]
[ECO "B34"]
[WhiteElo "1476"]
[BlackElo "1799"]
[Annotator "NA"]
[PlyCount "55"]
[EventDate "2019.08.16"]
[EventType "swiss"]
[EventCountry "BLR"]
[SourceTitle "playchess.com"]
[Source "ChessBase"]
[SourceQuality "1"]
[TimeControl "600+5"]

1. e4 c5 2. Nf3 Nc6 3. d4 cxd4 4. Nxd4 g6 5. Nc3 Bg7 6. Be3 Nf6 7. f3 O-O 8. Qd2 d5 9. O-O-O dxe4 10. Nxc6 Qxd2+ 11. Rxd2 bxc6 12. Nxe4 Nxe4 13. fxe4 Be6 14. a3 Rab8 15. c3 Rb7 16. Ba6 Rb3 17. Bf4 Rb6 18. Be2 a5 19. Be3 Rb3 20. Bd1 Rb7 21. Bf4 f5 22. e5 Bd5 23. Bf3 Bxf3 24. gxf3 Rb5 25. Re1 Rfb8 26. e6 Re8 27. Rd7 Bf6 28. Rc7 0-1

[Event "3rd FIDE WCCC Rapid G12 2019"]
[Site "Minsk"]
[Date "2019.08.16"]
[Round "3.1"]
[White "Babic, Milana"]
[Black "Shubenkova, Veronika"]
[Result "0-1"]
[ECO "A06"]
[WhiteElo "1689"]
[BlackElo "1740"]
[Annotator "NA"]
[PlyCount "88"]
[EventDate "2019.08.16"]
[EventType "swiss"]
[EventCountry "BLR"]
[SourceTitle "playchess.com"]
[Source "ChessBase"]
[SourceQuality "1"]
[TimeControl "600+5"]

1. Nf3 d5 2. g3 e6 3. Bg2 f5 4. d4 Nf6 5. c4 c6 6. O-O Bd6 7. c5 Bc7 8. Nc3 Nbd7 9. Bf4 O-O 10. b4 Ne4 11. Nxe4 fxe4 12. Ng5 Re8 13. e3 Nf6 14. Nh3 e5 15. dxe5 Bxe5 16. Bxe5 Rxe5 17. Nf4 Bg4 18. Qd4 Re7 19. h3 Bf3 20. a4 Qf8 21. h4 Nh5 22. b5 Nxf4 23. exf4 Be2 24. Rfe1 Bd3 25. Bf1 Bxf1 26. Kxf1 Qf5 27. Kg2 h6 28. Re3 Rae8 29. Rb1 Rf7 30. Rb2 Ref8 31. bxc6 bxc6 32. a5 g5 33. fxg5 hxg5 34. hxg5 Rh7 35. g4 Qxg4+ 36. Rg3 Qh4 37. Rb1 Qh2+ 38. Kf1 Qxg3 39. g6 Rh1+ 40. Ke2 Qf3+ 41. Kd2 Rxb1 42. Kc2 Qb3+ 43. Kd2 Rd1+ 44. Ke2 Rxd4 0-1

[Event "3rd FIDE WCCC Rapid G12 2019"]
[Site "Minsk"]
[Date "2019.08.16"]
[Round "3.2"]
[White "Kirdyashkina, Ekaterina"]
[Black "Petrova, Elizaveta"]
[Result "1-0"]
[ECO "B40"]
[WhiteElo "1691"]
[BlackElo "1573"]
[Annotator "NA"]
[PlyCount "133"]
[EventDate "2019.08.16"]
[EventType "swiss"]
[EventCountry "BLR"]
[SourceTitle "playchess.com"]
[Source "ChessBase"]
[SourceQuality "1"]
[TimeControl "600+5"]

1. e4 c5 2. Nf3 e6 3. c3 Nf6 4. e5 Nd5 5. d4 cxd4 6. cxd4 d6 7. exd6 Bxd6 8. Bb5+ Bd7 9. Bxd7+ Qxd7 10. O-O O-O 11. Nc3 Nc6 12. Nxd5 exd5 13. Bd2 Rfe8 14. Bc3 Bf4 15. Qd3 g6 16. Rad1 Rad8 17. h3 Qd6 18. Qb5 Qd7 19. Rfe1 a6 20. Qb3 h5 21. Qc2 Rc8 22. Qd3 Rcd8 23. g3 Bb8 24. Kg2 Bc7 25. Bd2 Bd6 26. a3 Bf8 27. Bg5 Rc8 28. Ne5 Nxe5 29. dxe5 Bg7 30. Qxd5 Qf5 31. h4 Rc2 32. Rd2 Rxd2 33. Qxd2 Rxe5 34. Rxe5 Qxe5 35. b3 Qd4 36. Qxd4 Bxd4 37. Kf3 f6 38. Be3 Be5 39. Ke4 Kf7 40. Kd5 Ke7 41. Kc5 Kd7 42. Kb6 Kc8 43. Kc5 Kd7 44. a4 Kc7 45. Kd5 Kd7 46. f4 Bd6 47. Bd4 f5 48. Bc3 b6 49. Bd4 b5 50. axb5 axb5 51. Bc5 Bc7 52. Bd4 Bd6 53. Bc5 Bc7 54. b4 Bb8 55. Bd4 Bd6 56. Bc3 Bf8 57. Be1 Bd6 58. Bd2 Bb8 59. Kc5 Ba7+ 60. Kxb5 Bf2 61. Ka6 Bxg3 62. b5 Kc7 63. b6+ Kb8 64. b7 Bh2 65. Be3 Bg3 66. Ba7+ Kc7 67. b8=Q+ 1-0

[Event "3rd FIDE WCCC Rapid G12 2019"]
[Site "Minsk"]
[Date "2019.08.16"]
[Round "3.3"]
[White "Komissarova, Soigina"]
[Black "Ivanytska, Liudmyla"]
[Result "1-0"]
[ECO "B41"]
[WhiteElo "1663"]
[BlackElo "1539"]
[Annotator "NA"]
[PlyCount "109"]
[EventDate "2019.08.16"]
[EventType "swiss"]
[EventCountry "BLR"]
[SourceTitle "playchess.com"]
[Source "ChessBase"]
[SourceQuality "1"]
[TimeControl "600+5"]

1. e4 c5 2. Nf3 e6 3. d4 cxd4 4. Nxd4 a6 5. c4 Nf6 6. Nc3 Bb4 7. Qd3 Bxc3+ 8. bxc3 d6 9. Be2 O-O 10. O-O Qc7 11. f4 Nbd7 12. Ba3 b6 13. Bf3 e5 14. Nf5 Nc5 15. Qxd6 Qxd6 16. Nxd6 Be6 17. Rab1 Na4 18. Rb4 b5 19. cxb5 Nxc3 20. b6 Nxa2 21. Rb2 Nc3 22. Rc1 Na4 23. Rb4 Bd7 24. fxe5 Ne8 25. Nf5 g6 26. Ne3 Ng7 27. Rd4 Rfd8 28. Be7 Ne6 29. Rd6 Nac5 30. Bxd8 Rxd8 31. Rcd1 Nf8 32. Nd5 Kg7 33. Nf6 h5 34. Be2 Rb8 35. Nxd7 Ncxd7 36. Rxd7 Nxd7 37. Rxd7 Rxb6 38. Bc4 Rb1+ 39. Kf2 Rb2+ 40. Kg3 h4+ 41. Kh3 Rf2 42. Bxa6 Rf4 43. e6 Rxe4 44. exf7 g5 45. Bb7 Re3+ 46. g3 hxg3 47. hxg3 Re5 48. Bd5 Rf5 49. Rd8 Rf6 50. Rg8+ Kh7 51. f8=Q g4+ 52. Kg2 Rf2+ 53. Qxf2 Kh6 54. Qf6+ Kh5 55. Qg5# 1-0

[Event "3rd FIDE WCCC Rapid G12 2019"]
[Site "Minsk"]
[Date "2019.08.16"]
[Round "3.4"]
[White "Lomakina, Anzhelika"]
[Black "Shevtsova, Darya"]
[Result "1-0"]
[ECO "B17"]
[WhiteElo "1732"]
[BlackElo "1588"]
[Annotator "NA"]
[PlyCount "119"]
[EventDate "2019.08.16"]
[EventType "swiss"]
[EventCountry "BLR"]
[SourceTitle "playchess.com"]
[Source "ChessBase"]
[SourceQuality "1"]
[TimeControl "600+5"]

1. e4 c6 2. d4 d5 3. Nd2 dxe4 4. Nxe4 Nd7 5. Ng5 Ngf6 6. Bd3 e6 7. N1f3 Be7 8. Qe2 O-O 9. Ne5 h6 10. Ngf3 c5 11. O-O cxd4 12. Bf4 Nh5 13. Nxd7 Nxf4 14. Qe4 f5 15. Qxf4 Bxd7 16. Qxd4 Bf6 17. Qb4 Qc7 18. Rad1 e5 19. Qc4+ Qxc4 20. Bxc4+ Kh7 21. Rxd7 e4 22. Nd4 Rfd8 23. Rxd8 Rxd8 24. Nxf5 Bxb2 25. g3 Rc8 26. Ne3 Bd4 27. Bb3 b5 28. Rd1 Bb6 29. Rd7 Rc3 30. Bd5 Bxe3 31. Bxe4+ Kg8 32. fxe3 Rxe3 33. Bd5+ Kf8 34. Rxa7 Re2 35. Bb3 b4 36. Rb7 Re4 37. Kf2 g5 38. Kf3 Rd4 39. Rh7 Rd6 40. Rh8+ Ke7 41. Rb8 Rd4 42. Rb6 h5 43. Rg6 g4+ 44. Ke3 Rd1 45. Rg5 Re1+ 46. Kf2 Kf6 47. Rxh5 Rd1 48. Ke2 Rd4 49. Rd5 Re4+ 50. Kd3 Re1 51. Rd4 Kf5 52. Rxb4 Rh1 53. Rb5+ Kg6 54. a4 Rxh2 55. a5 Rg2 56. a6 Rxg3+ 57. Ke4 Rg1 58. Ra5 g3 59. Kf3 g2 60. Ra4 1-0

[Event "3rd FIDE WCCC Rapid G12 2019"]
[Site "Minsk"]
[Date "2019.08.16"]
[Round "3.5"]
[White "Vlasova, Olesia"]
[Black "Nguyen, Le Cam Hien"]
[Result "1-0"]
[ECO "A08"]
[WhiteElo "1799"]
[BlackElo "1579"]
[Annotator "NA"]
[PlyCount "85"]
[EventDate "2019.08.16"]
[EventType "swiss"]
[EventCountry "BLR"]
[SourceTitle "playchess.com"]
[Source "ChessBase"]
[SourceQuality "1"]
[TimeControl "600+5"]

1. Nf3 d5 2. g3 c5 3. Bg2 Nc6 4. d4 Bf5 5. O-O e6 6. c4 Nf6 7. Qa4 Qd7 8. cxd5 exd5 9. Rd1 c4 10. Nc3 Ne4 11. Nh4 Nxc3 12. bxc3 Be6 13. e4 Be7 14. exd5 Bxd5 15. Re1 O-O-O 16. Nf3 Kb8 17. Bf4+ Ka8 18. Qc2 f5 19. Ne5 Nxe5 20. Bxe5 Bxg2 21. Kxg2 Rhg8 22. Qe2 Qc6+ 23. Qf3 Qxf3+ 24. Kxf3 Bg5 25. Rab1 Bd2 26. Red1 Bxc3 27. Rbc1 Ba5 28. Rxc4 a6 29. h4 g6 30. d5 Rd7 31. d6 Rgd8 32. Rdc1 Kb8 33. Rc7 Ka7 34. Rxd7 Rxd7 35. Ke3 b5 36. Kd4 Kb7 37. Kd5 Bb6 38. Ke6 Rd8 39. d7 a5 40. Bf6 Rg8 41. Rd1 Bd8 42. Bxd8 Rxd8 43. Ke7 1-0

[Event "3rd FIDE WCCC Rapid G12 2019"]
[Site "Minsk"]
[Date "2019.08.16"]
[Round "3.6"]
[White "Korovina, Yana"]
[Black "Babic, Masa"]
[Result "0-1"]
[ECO "B10"]
[WhiteElo "1602"]
[BlackElo "1719"]
[Annotator "NA"]
[PlyCount "124"]
[EventDate "2019.08.16"]
[EventType "swiss"]
[EventCountry "BLR"]
[SourceTitle "playchess.com"]
[Source "ChessBase"]
[SourceQuality "1"]
[TimeControl "600+5"]

1. e4 c6 2. Nf3 d5 3. d3 g6 4. Nc3 Bg7 5. exd5 cxd5 6. d4 Bg4 7. Be3 Nc6 8. Bb5 a6 9. Bxc6+ bxc6 10. h3 Bxf3 11. Qxf3 Qb6 12. Ne2 Qxb2 13. O-O Nf6 14. Rfb1 Qa3 15. Rb3 Qd6 16. Bf4 Qd7 17. Rab1 O-O 18. Rb7 Qf5 19. Rxe7 Qxc2 20. Rc1 Qa4 21. Be5 Nh5 22. Bxg7 Nxg7 23. Qf6 Nf5 24. Rc7 Qxa2 25. Ng3 Nxg3 26. fxg3 Rae8 27. Rf1 Re6 28. Qf4 Re2 29. Qf3 Qd2 30. Rxf7 Rxg2+ 31. Qxg2 Qxd4+ 32. Kh2 Rxf7 33. Rxf7 Kxf7 34. Qf3+ Qf6 35. Qe2 c5 36. Qa2 Qe6 37. Qc2 c4 38. Qd2 Qe4 39. Qf2+ Ke7 40. Qa7+ Ke6 41. Qxa6+ Ke5 42. Qa1+ d4 43. Qa5+ Qd5 44. Qc7+ Ke4 45. Qxh7 Qe6 46. Qh4+ Kd3 47. Qh7 c3 48. Qb7 Qe2+ 49. Kg1 Qe3+ 50. Kh2 Qf2+ 51. Kh1 Qxg3 52. Qb5+ Kd2 53. Qd7 d3 54. Qb5 c2 55. Qb4+ Kd1 56. h4 Qe1+ 57. Qxe1+ Kxe1 58. h5 gxh5 59. Kg1 c1=Q 60. Kh2 Qd2+ 61. Kh1 Qg5 62. Kh2 Kf2 0-1

[Event "3rd FIDE WCCC Rapid G12 2019"]
[Site "Minsk"]
[Date "2019.08.16"]
[Round "4.1"]
[White "Vlasova, Olesia"]
[Black "Kirdyashkina, Ekaterina"]
[Result "1-0"]
[ECO "A08"]
[WhiteElo "1799"]
[BlackElo "1691"]
[Annotator "NA"]
[PlyCount "153"]
[EventDate "2019.08.16"]
[EventType "swiss"]
[EventCountry "BLR"]
[SourceTitle "playchess.com"]
[Source "ChessBase"]
[SourceQuality "1"]
[TimeControl "600+5"]

1. Nf3 d5 2. g3 c5 3. Bg2 Nc6 4. d4 cxd4 5. Nxd4 e5 6. Nxc6 bxc6 7. O-O Nf6 8. c4 g6 9. Bg5 Bg7 10. cxd5 cxd5 11. Bxf6 Bxf6 12. Bxd5 Rb8 13. Bc6+ Bd7 14. Qd6 Bxc6 15. Qxc6+ Kf8 16. Nc3 Kg7 17. Rad1 Qb6 18. Qxb6 Rxb6 19. b3 Rc6 20. Ne4 Rc2 21. Rd2 Rxd2 22. Nxd2 Rc8 23. Nc4 Rd8 24. Kg2 e4 25. Rc1 Bg5 26. Rc2 Rc8 27. h4 Bf6 28. Rd2 Rc7 29. Nd6 Re7 30. Nc4 Rc7 31. Rd5 Kf8 32. Kf1 Bg7 33. Ke1 Bc3+ 34. Kd1 f5 35. e3 Bf6 36. Ke2 Ke7 37. h5 Ke6 38. Rd6+ Ke7 39. hxg6 hxg6 40. Rd1 Ke6 41. Rg1 Rh7 42. g4 Rh2 43. gxf5+ gxf5 44. Rg6 Kf7 45. Rg1 Bh4 46. Rf1 Ke6 47. a3 Kd5 48. Nd2 Be7 49. b4 Kc6 50. Rc1+ Kb5 51. Nf1 Rg2 52. Ng3 Bh4 53. Rc5+ Kb6 54. Kf1 Rh2 55. Rxf5 Bxg3 56. fxg3 Ra2 57. Rf4 Rxa3 58. Rxe4 Ra2 59. g4 Rh2 60. Kg1 Rh4 61. Kg2 Kc6 62. Kg3 Rh1 63. Kf4 Kd5 64. Rd4+ Ke6 65. e4 Rf1+ 66. Kg5 Ke5 67. Rc4 Rg1 68. Kh5 Rh1+ 69. Kg6 Rg1 70. g5 Kf4 71. Kf6 Rf1 72. g6 Kg4+ 73. Kg7 Kg5 74. Rc5+ Kg4 75. Kg8 Re1 76. g7 Rxe4 77. Kh8 1-0